 Dungeon Crawl Stone Soup version 0.22-a0-872-g6a232dd (webtiles) character file.

82111 Firecrotchwizard the Basher (level 15, -6/84 HPs)
             Began as a Vine Stalker Fighter on July 28, 2018.
             Was the Champion of Makhleb.
             Killed from afar by an orc sorcerer (32 damage)
             ... with a bolt of fire
             ... led by an orc warlord
             ... on level 2 of the Orcish Mines.
             The game lasted 00:44:15 (19913 turns).

Firecrotchwizard the Basher (Vine Stalker Fighter) Turns: 19913, Time: 00:44:16

Health: -6/84      AC: 32    Str: 25    XL:     15   Next: 72%
Magic:  0/25       EV:  7    Int:  8    God:    Makhleb [******]
Gold:   2469       SH: 14    Dex: 25    Spells: 14/14 levels left

rFire    . . .     SeeInvis .   q - +4 morningstar (protect)
rCold    . . .     Gourm    .   c - +0 shield
rNeg     . . .     Faith    .   a - +8 chain mail of Heresy {Dex+3}
rPois    .         Spirit   +   k - +1 helmet
rElec    .         Reflect  .   A - +2 cloak
rCorr    .         Harm     .   h - +1 pair of gloves of Refuge {Regen+ Dex+3 Stlth-}
MR       ++...                  i - +0 pair of boots
Stlth    ..........             o - amulet of magic regeneration {@e1}
HPRegen  1.44/turn              e - +5 ring of dexterity
MPRegen  0.44/turn              C - ring of protection from magic {MR+, !d}

@: protection aura
A: fangs 3, regeneration 2, magic shield, antimagic bite, no potion heal 3, rot
immunity
a: Minor Destruction, Lesser Servant of Makhleb, Major Destruction, Greater
Servant of Makhleb, Renounce Religion


You were on level 2 of the Orcish Mines.
You worshipped Makhleb.
Makhleb was exalted by your worship.
You were not hungry.

You visited 4 branches of the dungeon, and saw 22 of its levels.
You also visited: Sewer and Ossuary.

You collected 2469 gold pieces.

Inventory:

Hand Weapons
 q - a +4 morningstar of protection (weapon)
   (You acquired it on level 2 of the Lair of Beasts)
Missiles
 Y - a throwing net {=f, !d}
Armour
 a - the +8 chain mail of Heresy (worn) {Dex+3}
   (You found it on level 12 of the Dungeon)

   It affects your dexterity (+3).
 c - a +0 shield (worn)
 h - the +1 pair of gloves of Refuge (worn) {Regen+ Dex+3 Stlth-}
   (You found it on level 9 of the Dungeon)

   It affects your dexterity (+3).
   It increases your rate of regeneration.
   It makes you less stealthy.
 i - a +0 pair of boots (worn)
   (You found it on level 1 of the Dungeon)
 k - a +1 helmet (worn)
   (You found it on level 1 of the Dungeon)
 A - a +2 cloak (worn)
   (You found it on level 3 of the Dungeon)
 M - a scarf of repulsion
   (You found it on level 4 of the Lair of Beasts)
Jewellery
 b - an uncursed ring of resist corrosion
   (You found it on level 1 of the Lair of Beasts)
 e - a +5 ring of dexterity (left hand)
   (You found it on level 1 of the Dungeon)
 o - an amulet of magic regeneration (around neck) {@e1}
   (You found it on level 2 of the Dungeon)
 y - a +3 ring of strength
   (You found it on level 3 of the Lair of Beasts)
 C - a ring of protection from magic (right hand) {MR+, !d}
   (You found it on level 10 of the Dungeon)
 D - an uncursed ring of protection from cold {rC+, !d}
   (You found it on level 5 of the Dungeon)
 E - an uncursed ring of poison resistance {rPois, !d}
   (You found it on level 11 of the Dungeon)
 S - an uncursed ring of positive energy {rN+}
   (You found it on level 5 of the Lair of Beasts)
 T - an uncursed ring of wizardry {Wiz+, !d}
   (You found it on level 5 of the Lair of Beasts)
 W - an uncursed ring of protection from fire {rF+, !d}
   (You found it on level 6 of the Lair of Beasts)
Wands
 x - a wand of scattershot (8)
   (You found it on level 1 of the Lair of Beasts)
 B - a wand of acid (5)
   (You found it on level 3 of the Lair of Beasts)
 P - a wand of clouds (3)
   (You found it on level 5 of the Lair of Beasts)
Scrolls
 g - a scroll of immolation {!r}
 m - 5 scrolls of teleportation
 n - a scroll of fear
 r - a scroll of enchant weapon
 v - 6 scrolls of identify
 I - 7 scrolls of magic mapping {!r}
 J - 5 scrolls of blinking {!r}
 U - 2 scrolls of amnesia
 X - 4 scrolls of remove curse
 Z - a scroll of fog
Potions
 d - 6 potions of might
 l - 7 potions of agility
 p - 8 potions of curing
 s - a potion of ambrosia {unknown}
 t - 2 potions of mutation {!q}
 u - 5 potions of brilliance
 w - 2 potions of flight
 z - 5 potions of haste
 G - 2 potions of invisibility
 H - a potion of cancellation {unknown}
 L - 3 potions of lignification {!q}
 Q - a potion of magic {unknown}
 R - a potion of berserk rage {unknown}
Miscellaneous
 V - a phial of floods
   (You found it on level 6 of the Lair of Beasts)
Comestibles
 f - 31 rations {@e1}
 j - 3 chunks of flesh {@w0}


   Skills:
 - Level 11.6 Fighting
 + Level 14.5 Maces & Flails
 - Level 2.4 Armour
 + Level 12.4 Shields
 + Level 13.1 Invocations


You had 14 spell levels left.
You didn't know any spells.
Your spell library contained the following spells:

 Spells                   Type           Power        Failure   Level  Hunger
 Magic Dart               Conj           #...         99%         1    ##.....
 Fireball                 Conj/Fire      #.........   100%        5    ######.
 Apportation              Tloc           #.....       99%         1    ##.....
 Bolt of Fire             Conj/Fire      #.........   100%        6    #######
 Lightning Bolt           Conj/Air       #.........   100%        5    ######.
 Confuse                  Hex            #.......     100%        3    ####...
 Invisibility             Hex            #.......     100%        6    #######
 Ring of Flames           Chrm/Fire      #.........   100%        7    #######
 Death's Door             Chrm/Necr      #.........   100%        8    #######
 Summon Small Mammal      Summ           #...         99%         1    ##.....
 Iskenderun's Mystic Bla  Conj           #.......     100%        4    #####..
 Animate Skeleton         Necr           N/A          99%         1    ##.....
 Haunt                    Necr/Summ      #.........   100%        7    #######
 Borgnjor's Revivificati  Necr           #.........   100%        8    #######
 Tukima's Dance           Hex            #.......     100%        3    ####...
 Necromutation            Tmut/Necr      #.........   100%        8    #######
 Confusing Touch          Hex            #.....       99%         1    ##.....
 Ignite Poison            Fire/Tmut/Pois #.......     100%        3    ####...
 Ensorcelled Hibernation  Hex/Ice        #.....       100%        2    ###....
 Summon Butterflies       Summ           #.......     99%         1    ##.....
 Shatter                  Erth           #.........   100%        9    #######
 Static Discharge         Conj/Air       #.......     100%        3    ####...
 Corona                   Hex            #......      99%         1    ##.....
 Alistair's Intoxication  Tmut/Pois      #.......     100%        5    ######.
 Tornado                  Air            #.........   100%        9    #######
 Fulminant Prism          Conj/Hex       #.........   100%        4    #####..
 Dazzling Spray           Conj/Hex       #.....       100%        3    ####...
 Force Lance              Conj/Tloc      #.......     100%        4    #####..
 Searing Ray              Conj           #.....       100%        2    ###....
 Infestation              Necr           #.........   100%        8    #######
 Lesser Beckoning         Tloc           #.........   100%        3    ####...
 Ignition                 Fire           #.........   100%        8    #######


Dungeon Overview and Level Annotations

Branches:
Dungeon (13/15)            Temple (1/1) D:7            Lair (6/6) D:9
 Shoals (0/4) Lair:2        Snake (0/4) Lair:3        Slime (0/5) Lair:6
    Orc (2/2) D:11            Elf (0/3) Orc:2        Vaults (0/5) D:13

Altars:
Ashenzari
Cheibriados
Dithmenos
Fedhas
Gozag
Hepliaklqana
Makhleb
Okawaru
Ru
Trog
Uskayaw
Xom
Yredelemnul
Zin
The Shining One
Beogh

Shops:
D:5 **   D:9 %

Annotations:
D:2 Sigmund
D:6 1 exclusion
D:10 1 runed door, Mace's ghost, novice DEFE
Lair:1 1 runed door, howech's ghost, journeyman GnCj
Orc:2 Nergalle


Innate Abilities, Weirdness & Mutations

You have razor-sharp teeth.
You heal very quickly.
When hurt, damage is shared between your health and your magic reserves.
Your bite disrupts and absorbs the magic of your enemies.
Potions cannot restore your health.
You are immune to rotting.


Message History

Your bite misses the orc warrior. You block the orc's attack.
You puncture the orc warrior!
You kill the orc warrior!
Makhleb accepts your kill. You block the orc's attack.
You bludgeon the orc wizard!!
You kill the orc wizard!
Makhleb accepts your kill. You block the orc's attack.
Your shield and chain mail of Heresy prevent you from hitting the orc.
You bite the orc. You drain its power. You hit the orc. You bite the orc.
You drain its power. You block the orc's attack.
You puncture the orc!
You kill the orc!
Makhleb accepts your kill. The orc wizard closely misses you.
An orc wizard comes into view. It is wielding a dagger.
Items here: $ ( ))) [[[ † You hit the orc wizard.
You kill the orc wizard!
Makhleb accepts your kill.
The orc wizard gestures at you while chanting.
You block the puff of flame.
Things that are here:
a dagger of venom; a robe; an orc corpse An orc and an orc sorcerer come into view.
The orc sorcerer shouts!
You hear a shout! x3
You impale the orc wizard!!
You kill the orc wizard!
Makhleb accepts your kill.
An orc warlord comes into view. It is wielding a halberd.
A demon appears!
The orc warlord shouts!
You hear a shout! x4
The orc sorcerer gestures wildly while chanting.
An orc sorcerer comes into view. It is wielding a dagger.
The orc warlord roars a battlecry!
The orcs go into a battle-frenzy!
You take 8 damage, and have 76/84 hp.
Aim: an orc, wielding a dagger and wearing a leather armour (unusually strong)
The fireball explodes!
The fireball engulfs the orc.
You kill the orc!
Makhleb accepts your kill.
You feel better.
The fireball engulfs the orc sorcerer.
You hear a shout! x12
The orc warlord roars a battlecry!
You take 4 damage, and have 72/84 hp.
An orc and an orc priest come into view.
The orc priest shouts!
The orc warrior shouts!
The orc shouts!
You hear a shout! x2
The sixfirhy hits you but does no damage. x2
The sixfirhy hits you! The sixfirhy shocks you!
You block the orc sorcerer's attack.
The sixfirhy hits you but does no damage.
An orc priest comes into view.
Your green death gestures at the orc sorcerer.
The poison arrow hits the orc sorcerer.
The orc sorcerer looks as sick as possible!
You take 15 damage, and have 57/84 hp.
You now have 21/25 mp.
You hit the orc sorcerer but do no damage.
Your bite misses the orc sorcerer. The sixfirhy hits you.
The sixfirhy shocks you!
An orc wizard comes into view. It is wielding a dagger.
You block the orc sorcerer's attack.
An orc priest comes into view.
It is wielding a hand axe of electrocution.
You take 9 damage, and have 48/84 hp.
You now have 18/25 mp.
You hit the orc sorcerer. Your bite misses the orc sorcerer.
Your green death hits the orc sorcerer!!
The orc sorcerer dies!
Makhleb accepts your kill.
The sixfirhy disappears in a puff of smoke!
Your life force feels restored.
You regained 2 hp, and now have 50/84 hp.
Okay, then.
Aim: an orc warlord, wielding a halberd and wearing a runed chain mail The sticky flame hits the orc warlord.
The orc warlord is covered in liquid flames!
The orc warlord burns!
An orc comes into view. It is wielding a war axe of chopping.
You take 5 damage, and have 45/84 hp.
An orc comes into view. It is wielding a dagger.
The orc shouts!
The orc warlord burns!
You block the orc warrior's attack.
You regained 2 hp, and now have 47/84 hp.
Nergalle the Soulbinder comes into view.
She is wielding a dagger.
Nergalle shouts!
You hear a shout! x2
The orc warlord burns!
The orc warlord stops burning.
The orc warlord hits you but does no damage.
Nergalle casts a spell at you.
Orcish apparitions take form around you.
Your green death hits the orc warlord!
The orc wizard casts a cantrip, but nothing happens.
The orc warrior hits you from afar with a glaive!
You take 6 damage, and have 41/84 hp.
You now have 17/25 mp.
You completely miss the orc warlord.
You bite the orc warlord, but do no damage.
The orc warlord hits you with a halberd!!
The orc sorcerer casts a spell at you. The bolt of fire hits you!
You die...

...........(...........
.#......................
............)†..........
...........)............
........................
........................
.......Z.)..............
.....#ZZ).......... ...
###. #@2...#..####. # #
#ooo..#### # #


#8ooo8# #. # #ooo..# ##.o #o....# #..o. # ........ #....# ..o.....# #.....
......... ....... ....... You could see an orc warlord, Nergalle, a spectral
orc, a spectral orc warrior, a spectral orc knight, an orc sorcerer, an orc
warrior, 3 orc priests, an orc wizard, 3 orcs and a friendly green death.

Vanquished Creatures
  2 entropy weavers
  Snorg (Orc:2)
  The ghost of Vaeryne the Imperceptible, a journeyman SpEn of Dithmenos (Lair:6)
  Josephine (Orc:2)
  8 vault guards (D:13)
  2 centaur warriors
  6 hydras
  3 two-headed ogres
  A queen ant (Lair:6)
  Sonja (D:11)
  An unseen horror (D:10)
  A wizard (D:13)
  Pikel (D:4)
  2 orc knights (Orc:2)
  2 ugly things (D:13)
  A cyclops (D:13)
  27 elephants
  12 black mambas
  A gargoyle (D:10)
  2 molten gargoyles (Lair:3)
  7 spiny frogs
  5 large abominations (D:13)
  A rime drake (Lair:3)
  3 komodo dragons
  8 trolls
  7 polar bears
  The ghost of vegansnacktivist the Cutter, a novice SpEn (D:5)
  3 slime creatures (Lair:6)
  6 hornets (Lair:6)
  Prince Ribbit (D:5)
  11 blink frogs
  A dream sheep (Lair:6)
  A harpy skeleton (D:13)
  10 hippogriffs
  13 spriggans (Lair:6)
  6 wraiths
  3 wyverns
  51 yaks
  2 basilisks
  2 hungry ghosts
  Menkaure (D:4)
  4 wargs
  An acid dragon (D:10)
  12 water moccasins
  3 nagas (Lair:3)
  26 soldier ants
  5 porcupines
  15 orc warriors
  7 small abominations (D:13)
  5 sky beasts
  7 necrophages
  7 ogres
  2 eyes of draining (D:11)
  3 ice beasts
  2 black bears (Lair:6)
  4 phantoms
  22 wolves
  3 boggarts (Lair:6)
  7 centaurs
  14 crocodiles
  7 big kobolds
  21 bullfrogs
  A wyvern skeleton (D:11)
  4 scorpions
  9 killer bees
  11 wights
  An electric eel (Lair:4)
  5 howler monkeys
  5 crimson imps
  A bullfrog zombie (D:8)
  4 centaur zombies
  4 lava snakes (Lair:3)
  6 hounds
  6 orc priests
  4 jellies
  4 bullfrog skeletons
  3 centaur skeletons
  3 iguanas
  28 worker ants
  16 orc wizards
  A killer bee zombie (D:6)
  A hound zombie (D:10)
  A hound skeleton (D:10)
  9 mummies
  12 adders
  6 gnolls
  A river rat (D:3)
  3 shadow imps
  2 adder skeletons
  2 worms
  3 dart slugs
  6 leopard geckos
  44 orcs
  8 giant cockroaches
  2 gnoll zombies (Ossuary)
  8 goblins
  11 hobgoblins
  6 jackals
  46 kobolds
  6 quokkas
  6 ball pythons
  12 bats
  6 frilled lizards
  4 hobgoblin zombies (Ossuary)
  A kobold zombie (Ossuary)
  A leopard gecko zombie (D:8)
  An orc zombie (Ossuary)
  12 rats
732 creatures vanquished.

Vanquished Creatures (collateral kills)
  An orc sorcerer (Orc:2)
1 creature vanquished.

Vanquished Creatures (others)
  An orc (Orc:2)
  4 bushes
  25 fungi
  11 plants
  2 withered plants (D:10)
43 creatures vanquished.

Grand Total: 776 creatures vanquished

Notes
Turn   | Place    | Note
-------+----------+-------------------------------------------
     0 | D:1      | Firecrotchwizard the Vine Stalker Fighter began the quest for the Orb.
     0 | D:1      | Reached XP level 1. HP: 11/11 MP: 2/2
    16 | D:1      | Reached skill level 2 in Maces & Flails
    72 | D:1      | Reached XP level 2. HP: 12/16 MP: 3/3
   359 | D:1      | Reached skill level 3 in Fighting
   571 | D:1      | Noticed a big kobold
   571 | D:1      | Noticed a big kobold
   571 | D:1      | Noticed a big kobold
   571 | D:1      | Noticed a big kobold
   572 | D:1      | Noticed a troll
   665 | D:1      | Reached XP level 3. HP: 20/20 MP: 4/4
   910 | D:2      | Reached skill level 3 in Maces & Flails
   920 | D:2      | Found a sacrificial altar of Ru.
   939 | D:2      | Gained mutation: Your natural rate of healing is unusually fast. [Vine Stalker growth]
   939 | D:2      | Reached XP level 4. HP: 18/24 MP: 5/5
  1202 | D:2      | Noticed Sigmund
  1353 | D:2      | You fall through a shaft for 2 floors!
  1425 | D:4      | Noticed Menkaure
  1429 | D:4      | HP: 2/24 [Menkaure (12)]
  1432 | D:4      | Killed Menkaure
  1432 | D:4      | Reached skill level 4 in Fighting
  1432 | D:4      | Reached skill level 4 in Maces & Flails
  1432 | D:4      | Reached XP level 5. HP: 4/29 MP: 6/6
  1432 | D:4      | Reached XP level 6. HP: 4/33 MP: 7/7
  1700 | D:3      | Found a glowing drain.
  1704 | Sewer    | Entered a sewer
  1831 | Sewer    | Reached skill level 5 in Maces & Flails
  2191 | D:3      | Reached XP level 7. HP: 35/38 MP: 6/8
  2912 | D:4      | Noticed Pikel
  2933 | D:4      | Killed Pikel
  2933 | D:4      | Reached skill level 5 in Fighting
  2933 | D:4      | Reached skill level 6 in Maces & Flails
  2933 | D:4      | Gained mutation: You have razor-sharp teeth. [Vine Stalker growth]
  2933 | D:4      | Reached XP level 8. HP: 34/44 MP: 7/9
  2990 | D:4      | Reached skill level 7 in Maces & Flails
  3681 | D:5      | Entered Level 5 of the Dungeon
  3754 | D:5      | Found an iron altar of Okawaru.
  3759 | D:5      | Found Gozag's Platinum Reserve.
  3762 | D:5      | Found an opulent altar of Gozag.
  3806 | D:5      | Found a runed door.
  3807 | D:5      | Noticed vegansnacktivist's ghost (novice SpEn)
  3833 | D:5      | Found Huliu's General Store.
  3944 | D:5      | Noticed Prince Ribbit
  3945 | D:5      | Found a sand-covered staircase.
  3961 | D:5      | Killed Prince Ribbit
  3961 | D:5      | Reached skill level 6 in Fighting
  3984 | Ossuary  | Entered an ossuary
  3997 | Ossuary  | Reached skill level 8 in Maces & Flails
  4348 | D:5      | Found a snail-covered altar of Cheibriados.
  4413 | D:5      | Reached XP level 9. HP: 42/49 MP: 7/10
  4644 | D:5      | Killed vegansnacktivist's ghost
  4644 | D:5      | Reached skill level 9 in Maces & Flails
  4792 | D:6      | Reached skill level 7 in Fighting
  5098 | D:6      | Found a bloodstained altar of Trog.
  5287 | D:6      | Reached skill level 10 in Maces & Flails
  5707 | D:7      | Found a staircase to the Ecumenical Temple.
  5714 | D:7      | Reached XP level 10. HP: 54/56 MP: 11/11
  5721 | Temple   | Entered the Ecumenical Temple
  5757 | Temple   | Became a worshipper of Makhleb the Destroyer
  5880 | D:8      | Reached skill level 8 in Fighting
  5885 | D:8      | HP: 13/56 [troll (7)]
  5895 | D:8      | HP: 10/56 [poisoned by a kobold]
  5900 | D:8      | HP: 9/56 [poisoned by a kobold]
  5905 | D:8      | HP: 10/56 [poisoned by a kobold]
  5912 | D:8      | HP: 12/56 [poisoned by a kobold]
  6062 | D:8      | Reached skill level 11 in Maces & Flails
  6092 | D:8      | Reached * piety under Makhleb
  6513 | D:8      | Found Mioker's Assorted Antiques.
  6717 | D:9      | Reached skill level 1 in Invocations
  6721 | D:9      | Reached skill level 3 in Shields
  6723 | D:9      | HP: 13/57 [troll (7)]
  6726 | D:9      | Reached skill level 9 in Fighting
  6739 | D:9      | Reached ** piety under Makhleb
  6866 | D:9      | Reached skill level 2 in Invocations
  6881 | D:9      | Reached XP level 11. HP: 62/62 MP: 13/13
  6918 | D:9      | HP: 11/62 [orc warrior/war axe (10)]
  6918 | D:9      | HP: 4/62 [wight/trident (7)]
  6938 | D:9      | Reached skill level 4 in Shields
  6973 | D:9      | Found a staircase to the Lair.
  6991 | D:9      | Reached skill level 3 in Invocations
  7485 | D:9      | Found Witosurgh's Food Boutique.
  7562 | D:9      | Got a pair of warped gloves
  7568 | D:9      | Identified the +1 pair of gloves of Refuge {Regen+ Dex+3 Stlth-} (You found it on level 9 of the Dungeon)
  7792 | Lair:1   | Entered Level 1 of the Lair of Beasts
  7871 | Lair:1   | Noticed a four-headed hydra
  7877 | Lair:1   | Reached skill level 4 in Invocations
  7884 | Lair:1   | Killed a four-headed hydra
  7987 | Lair:1   | Reached skill level 5 in Shields
  8103 | Lair:1   | Reached *** piety under Makhleb
  8123 | Lair:1   | Reached skill level 10 in Fighting
  8123 | Lair:1   | Reached skill level 5 in Invocations
  8271 | Lair:1   | Found a runed door.
  8271 | Lair:1   | Found a shimmering altar of Xom.
  8271 | Lair:1   | Noticed howech's ghost (journeyman GnCj)
  8271 | Lair:1   | Noticed a dire flail of chaos
  8290 | Lair:1   | HP: 14/63 [poisoned by a black mamba]
  8298 | Lair:1   | HP: 14/63 [poisoned by a black mamba]
  8303 | Lair:1   | HP: 11/63 [poisoned by a black mamba]
  8308 | Lair:1   | HP: 10/63 [poisoned by a black mamba]
  8313 | Lair:1   | HP: 11/63 [poisoned by a black mamba]
  8319 | Lair:1   | HP: 13/63 [poisoned by a black mamba]
  8440 | Lair:1   | Identified a scroll of acquirement
  8818 | Lair:2   | Found a staircase to the Shoals.
  8935 | Lair:2   | Reached skill level 6 in Shields
  9004 | Lair:2   | Reached skill level 6 in Invocations
  9009 | Lair:2   | Gained mutation: You heal very quickly. [Vine Stalker growth]
  9009 | Lair:2   | Reached XP level 12. HP: 58/68 MP: 17/17
  9959 | Lair:3   | Reached skill level 7 in Shields
  9959 | Lair:3   | Reached skill level 7 in Invocations
 10257 | Lair:3   | Reached skill level 11 in Fighting
 10261 | Lair:3   | Reached **** piety under Makhleb
 10265 | Lair:3   | Found a staircase to the Snake Pit.
 10318 | Lair:3   | Noticed an eight-headed hydra
 10326 | Lair:3   | Killed an eight-headed hydra
 10779 | Lair:4   | Reached skill level 8 in Invocations
 10942 | Lair:4   | Reached skill level 8 in Shields
 11025 | Lair:4   | Reached XP level 13. HP: 74/74 MP: 18/20
 11382 | Lair:4   | Reached skill level 9 in Invocations
 12177 | Lair:5   | Reached skill level 12 in Maces & Flails
 12177 | Lair:5   | Reached skill level 9 in Shields
 12770 | Lair:5   | Reached ***** piety under Makhleb
 12899 | Lair:6   | Entered Level 6 of the Lair of Beasts
 13058 | Lair:6   | Reached skill level 10 in Invocations
 13085 | Lair:6   | Noticed an entropy weaver
 13104 | Lair:5   | Killed an entropy weaver
 13182 | Lair:6   | HP: 16/74 [elephant (4)]
 13230 | Lair:6   | Reached skill level 10 in Shields
 13274 | Lair:6   | Reached XP level 14. HP: 79/79 MP: 22/22
 13595 | Lair:6   | Reached skill level 13 in Maces & Flails
 13603 | Lair:6   | Noticed an entropy weaver
 13604 | Lair:6   | Reached skill level 11 in Invocations
 13626 | Lair:6   | Killed an entropy weaver
 13776 | Lair:6   | Found a staircase to the Slime Pits.
 13889 | Lair:6   | HP: 19/79 [poisoned by a worker ant]
 13892 | Lair:6   | HP: 7/79 [poisoned by a worker ant]
 13893 | Lair:6   | HP: 2/79 [poisoned by a worker ant]
 13899 | Lair:6   | HP: 17/79 [worker ant (1)]
 13972 | Lair:6   | Reached ****** piety under Makhleb
 14318 | Lair:6   | Found a large runed door.
 14318 | Lair:6   | Found a large runed door.
 14320 | Lair:6   | Noticed Vaeryne's ghost (journeyman SpEn)
 14500 | Lair:6   | Reached skill level 11 in Shields
 14812 | Lair:6   | Killed Vaeryne's ghost
 15198 | D:10     | Entered Level 10 of the Dungeon
 15437 | D:10     | Found a runed door.
 15437 | D:10     | Noticed Mace's ghost (novice DEFE)
 15853 | D:10     | Reached skill level 12 in Invocations
 16466 | D:11     | Found a staircase to the Orcish Mines.
 16529 | D:11     | Reached XP level 15. HP: 84/84 MP: 25/25
 16616 | D:11     | Noticed Sonja
 16618 | D:11     | Killed Sonja
 16840 | D:11     | Got a sheer robe
 17278 | D:12     | Reached skill level 14 in Maces & Flails
 17359 | D:12     | Got a distressingly furry chain mail
 17370 | D:12     | Identified the +8 chain mail of Heresy {Dex+3} (You found it on level 12 of the Dungeon)
 17948 | D:13     | Found a gate to the Vaults.
 17997 | D:13     | Reached skill level 12 in Shields
 18849 | Orc:1    | Entered Level 1 of the Orcish Mines
 19279 | Orc:2    | Entered Level 2 of the Orcish Mines
 19279 | Orc:2    | Found a roughly hewn altar of Beogh.
 19279 | Orc:2    | Noticed Snorg
 19297 | Orc:2    | Killed Snorg
 19297 | Orc:2    | Reached skill level 13 in Invocations
 19420 | Orc:2    | Found a staircase to the Elven Halls.
 19796 | Orc:2    | Noticed Josephine
 19809 | Orc:2    | Killed Josephine
 19904 | Orc:2    | Noticed an orc warlord
 19912 | Orc:2    | Noticed Nergalle
 19913 | Orc:2    | Killed from afar by an orc sorcerer

Vault maps used:
D:1:      erik_arrival_cave_to_civilisation
D:2:      gammafunk_temple_overflow_pools, nicolae_ru_great_annihilating_truth,
          uniq_sigmund
D:3:      gup_sewer_entry_bowl, serial_glass, glass_columns_c, glass_columns_a,
          kennysheep_minor_cross, small_statue_intersection, minmay_surrounded
D:4:      grunt_decor_one_mirror, uniq_pikel, uniq_menkaure
D:5:      nicolae_gozag_zags_fifth_avenue, kennysheep_slug_shrine, first_ration,
          serial_shops, shop, basic_altar, lightli_ossuary_entry_decrepit_ruins,
          ebering_ghost_sewer_d, fountainhead, uniq_prince_ribbit1
D:6:      trog_hazing_becter
D:7:      minmay_temple_entry_enclosed_plants
D:8:      serial_undead, serial_undead_b, serial_undead_d, serial_undead_a,
          serial_undead_b, serial_shops, kennysheep_mini_moat
D:9:      erik_lair_orcish_takeover, serial_shops, shop
D:10:     wad_arrow_thing, gammafunk_ghost_grave, grunt_ogre_cave
D:11:     orc_0_dummy, uniq_sonja
D:12:     minmay_misc_feat_chi
D:13:     erik_vaults_2, laboratory
Temple:   regret_index_temple_mists
Lair:1:   ebering_ghost_xom, grunt_megastairs_5
Lair:2:   minmay_shoals_entry_centaurs
Lair:3:   cheibrodos_magma_flow, guppyfry_snake_entry_island, lemuel_fruit_tree
Lair:4:   serial_bayou_shore_a
Lair:6:   minmay_lair_end_enchanted_forest, minmay_slime_entry_pillars,
          ebering_ghost_disaster_area, zaba_anthell, grunt_megastairs_1
Orc:1:    small_statue_alley_c, mines2_lemuel
Orc:2:    grunt_orc_cross, basic_altar, uniq_josephine, uniq_snorg
Sewer:    kennysheep_pipe_town
Ossuary:  ossuary_tomb_3

Skill      XL: |  1  2  3  4  5  6  7  8  9 10 11 12 13 14 15 |
---------------+----------------------------------------------+-----
Maces & Flails | 2 3 4 5 6 8 10 11 12 13 14 | 14.5
Fighting       | 3 4 5 6 7 9 10 11 | 11.6
Invocations    | 2 6 8 10 12 13 | 13.1
Shields        | 3 6 8 10 11 12 | 12.4
Armour         | |  2.4

Action                   |  1- 3 |  4- 6 |  7- 9 | 10-12 | 13-15 || total
-------------------------+-------+-------+-------+-------+-------++-------
Melee: Flail             |    90 |    41 |       |   121 |       ||   252
       Bite              |    22 |    58 |   139 |   398 |   734 ||  1351
       Mace              |       |    97 |   367 |   505 |       ||   969
       Morningstar       |       |       |       |   171 |  1243 ||  1414
Invok: Major Destruction |       |       |       |     1 |     2 ||     3
       Greater Servant o |       |       |       |       |     1 ||     1
Evoke: Wand              |       |       |       |       |     1 ||     1
  Use: Scroll            |       |       |       |    22 |     9 ||    31
       Potion            |       |       |       |       |     1 ||     1
 Stab: Paralysed         |       |     1 |       |       |       ||     1
  Eat: Chunk             |       |     5 |    11 |    10 |    21 ||    47
       Ration            |       |       |       |     3 |     3 ||     6
Armor: Scale mail        |    41 |    65 |    42 |       |       ||   148
       Chain mail        |       |       |   149 |    95 |   112 ||   356
       Plate armour      |       |       |       |   289 |   633 ||   922
       Troll leather arm |       |       |       |    60 |       ||    60
Dodge: Dodged            |    31 |    43 |    67 |   124 |   288 ||   553
Block: Shield            |    53 |    67 |   184 |   420 |   909 ||  1633

Table legend:
 A = Spawn XP
 B = Non-spawn XP
 C = Spawn XP percentage of total XP
 D = Spawn monster count
 E = Non-spawn monster count
 F = Spawn count percentage of total count
 G = Total turns spent on level
                    A         B        C        D         E        F      G
               +---------+---------+-------+---------+---------+-------+---------
         Total |       0 |  117302 |   0.0 |       0 |     733 |   0.0 | 19913
               +---------+---------+-------+---------+---------+-------+---------
           D:1 |       0 |      36 |   0.0 |       0 |      21 |   0.0 |   756
           D:2 |       0 |     107 |   0.0 |       0 |      27 |   0.0 |   597
           D:3 |       0 |     142 |   0.0 |       0 |      30 |   0.0 |  1007
           D:4 |       0 |    1066 |   0.0 |       0 |      13 |   0.0 |   936
           D:5 |       0 |    1048 |   0.0 |       0 |      17 |   0.0 |   773
           D:6 |       0 |    1360 |   0.0 |       0 |      29 |   0.0 |   680
           D:7 |       0 |     527 |   0.0 |       0 |      13 |   0.0 |   403
           D:8 |       0 |    3256 |   0.0 |       0 |      45 |   0.0 |   844
           D:9 |       0 |    2973 |   0.0 |       0 |      44 |   0.0 |  1152
          D:10 |       0 |    7843 |   0.0 |       0 |      35 |   0.0 |   925
          D:11 |       0 |    5422 |   0.0 |       0 |      46 |   0.0 |  1063
          D:12 |       0 |    5835 |   0.0 |       0 |      27 |   0.0 |   793
          D:13 |       0 |   15671 |   0.0 |       0 |      39 |   0.0 |   870
        Lair:1 |       0 |    4897 |   0.0 |       0 |      20 |   0.0 |   922
        Lair:2 |       0 |    5522 |   0.0 |       0 |      27 |   0.0 |  1170
        Lair:3 |       0 |    5733 |   0.0 |       0 |      28 |   0.0 |   927
        Lair:4 |       0 |    7701 |   0.0 |       0 |      29 |   0.0 |  1032
        Lair:5 |       0 |   10277 |   0.0 |       0 |      37 |   0.0 |  1280
        Lair:6 |       0 |   30926 |   0.0 |       0 |     126 |   0.0 |  2055
         Orc:1 |       0 |     284 |   0.0 |       0 |       8 |   0.0 |   430
         Orc:2 |       0 |    6304 |   0.0 |       0 |      32 |   0.0 |   634
         Sewer |       0 |     218 |   0.0 |       0 |      24 |   0.0 |   385
       Ossuary |       0 |     154 |   0.0 |       0 |      16 |   0.0 |   221
               +---------+---------+-------+---------+---------+-------+---------

Vault maps used:
D:1:      erik_arrival_cave_to_civilisation
D:2:      gammafunk_temple_overflow_pools, nicolae_ru_great_annihilating_truth,
          uniq_sigmund
D:3:      gup_sewer_entry_bowl, serial_glass, glass_columns_c, glass_columns_a,
          kennysheep_minor_cross, small_statue_intersection, minmay_surrounded
D:4:      grunt_decor_one_mirror, uniq_pikel, uniq_menkaure
D:5:      nicolae_gozag_zags_fifth_avenue, kennysheep_slug_shrine, first_ration,
          serial_shops, shop, basic_altar, lightli_ossuary_entry_decrepit_ruins,
          ebering_ghost_sewer_d, fountainhead, uniq_prince_ribbit1
D:6:      trog_hazing_becter
D:7:      minmay_temple_entry_enclosed_plants
D:8:      serial_undead, serial_undead_b, serial_undead_d, serial_undead_a,
          serial_undead_b, serial_shops, kennysheep_mini_moat
D:9:      erik_lair_orcish_takeover, serial_shops, shop
D:10:     wad_arrow_thing, gammafunk_ghost_grave, grunt_ogre_cave
D:11:     orc_0_dummy, uniq_sonja
D:12:     minmay_misc_feat_chi
D:13:     erik_vaults_2, laboratory
Temple:   regret_index_temple_mists
Lair:1:   ebering_ghost_xom, grunt_megastairs_5
Lair:2:   minmay_shoals_entry_centaurs
Lair:3:   cheibrodos_magma_flow, guppyfry_snake_entry_island, lemuel_fruit_tree
Lair:4:   serial_bayou_shore_a
Lair:6:   minmay_lair_end_enchanted_forest, minmay_slime_entry_pillars,
          ebering_ghost_disaster_area, zaba_anthell, grunt_megastairs_1
Orc:1:    small_statue_alley_c, mines2_lemuel
Orc:2:    grunt_orc_cross, basic_altar, uniq_josephine, uniq_snorg
Sewer:    kennysheep_pipe_town
Ossuary:  ossuary_tomb_3

Table legend:
 A = Turns spent in this place as a percentage of turns spent in the entire game.
 B = Non-inter-level travel turns spent in this place as a percentage of non-inter-level travel turns spent in the entire game.
 C = Inter-level travel turns spent in this place as a percentage of turns spent in this place.
 D = Turns resting spent in this place as a percentage of non-inter-level travel turns spent in this place.
 E = Turns spent auto-exploring this place as a percentage of non-inter-level travel turns spent in this place.
 F = Non-inter-level travel turns spent in this place divided by the number of levels of this place that you've seen.
                   A       B       C       D       E      F
               +-------+-------+-------+-------+-------+----------------------
         Total | 100.0 | 100.0 |   4.0 |  10.9 |  63.1 | 796.4
       Dungeon |  54.2 |  54.1 |   4.2 |   9.1 |  65.2 | 795.8
        Temple |   0.3 |   0.2 |  36.2 |   0.0 |  86.5 |  37.0
          Lair |  37.1 |  37.0 |   4.3 |   9.6 |  63.8 | 1178.5
  Orcish Mines |   5.3 |   5.5 |   0.8 |  31.4 |  50.4 | 527.5
         Sewer |   1.9 |   2.0 |   0.0 |  29.4 |  35.8 | 385.0
       Ossuary |   1.1 |   1.2 |   0.0 |  12.2 |  43.9 | 221.0
               +-------+-------+-------+-------+-------+----------------------

Table legend:
 A = Kills in this place as a percentage of kills in entire the game.
 B = Kills by you in this place as a percentage of kills by you in the entire game.
 C = Kills by friends in this place as a percentage of kills by friends in the entire game.
 D = Other kills in this place as a percentage of other kills in the entire game.
 E = Experience gained in this place as a percentage of experience gained in the entire game.
 F = Experience gained in this place divided by the number of levels of this place that you have seen.
                   A       B       C       D       E      F
               +-------+-------+-------+-------+-------+----------------------
         Total | 100.0 | 100.0 | 100.0 |   N/A | 100.0 | 4887.6
       Dungeon |  52.7 |  52.7 |   0.0 |   N/A |  38.6 | 3483.5
          Lair |  36.4 |  36.5 |   0.0 |   N/A |  55.5 | 10842.7
  Orcish Mines |   5.5 |   5.3 | 100.0 |   N/A |   5.6 | 3294.0
         Sewer |   3.3 |   3.3 |   0.0 |   N/A |   0.2 | 218.0
       Ossuary |   2.2 |   2.2 |   0.0 |   N/A |   0.1 | 154.0
               +-------+-------+-------+-------+-------+----------------------
